 Dungeon Crawl Stone Soup version 0.22-a0-533-g4d20840 (webtiles) character file.

7 iamserjio the Charmwright (level 2, -4/15 HPs)
             Began as a Vine Stalker Skald on June 22, 2018.
             Slain by a gnoll
             ... wielding a +0 spear
              (10 damage)
             ... on level 2 of the Dungeon.
             The game lasted 00:01:04 (82 turns).

iamserjio the Charmwright (Vine Stalker Skald)        Turns: 82, Time: 00:01:05

Health: -4/15      AC:  3    Str: 13    XL:     2   Next: 4%
Magic:  0/6        EV: 11    Int: 13    God:
Gold:   5          SH:  0    Dex: 13    Spells: 4/5 levels left

rFire    . . .     SeeInvis .     - Unarmed
rCold    . . .     Gourm    .   (no shield)
rNeg     . . .     Faith    .   a - +0 leather armour
rPois    .         Spirit   +   (no helmet)
rElec    .         Reflect  .   (no cloak)
rCorr    .         Harm     .   (no gloves)
MR       .....                  (no boots)
Stlth    +.........             (no amulet)
HPRegen  0.05/turn              (no ring)
MPRegen  0.10/turn              (no ring)

@: infused, very slightly contaminated
A: fangs 2, magic shield, antimagic bite, no potion heal 3, rot immunity
a: no special abilities


You were on level 2 of the Dungeon.
You were not hungry.

You visited 1 branch of the dungeon, and saw 2 of its levels.

You collected 5 gold pieces.

Inventory:

Armour
 a - a +0 leather armour (worn)
Scrolls
 d - a scroll of identify {unknown}
Potions
 b - a potion of flight {unknown}
Comestibles
 c - a ration


   Skills:
 + Level 2.0 Fighting
 - Level 0.7 Armour
 - Level 1.5 Dodging
 * Level 2.5 Unarmed Combat
 - Level 2.1 Spellcasting
 - Level 3.0 Charms


You had 4 spell levels left.
You knew the following spells:

 Your Spells              Type           Power        Failure   Level  Hunger
a - Infusion              Chrm           #...         10%         1    ##.....

Your spell library contained the following spells:

 Spells                   Type           Power        Failure   Level  Hunger
 Regeneration             Chrm/Necr      #.........   45%         3    ####...
 Shroud of Golubria       Chrm/Tloc      #.........   26%         2    ###....
 Song of Slaying          Chrm           #.......     14%         2    ###....
 Spectral Weapon          Hex/Chrm       #.......     45%         3    ####...


Dungeon Overview and Level Annotations

Branches:
Dungeon (2/15)

Altars:
Kikubaaqudgha
Vehumet


Innate Abilities, Weirdness & Mutations

You have extremely sharp teeth.
When hurt, damage is shared between your health and your magic reserves.
Your bite disrupts and absorbs the magic of your enemies.
Potions cannot restore your health.
You are immune to rotting.


Message History

The gnoll hits you but does no damage.
You hit the hobgoblin!
You kill the hobgoblin!
You have reached level 2!
A gnoll comes into view. It is wielding a flail.
The gnoll hits you from afar with a spear.
The gnoll hits you from afar with a spear.
Found 12 gold pieces.
Found 8 gold pieces.
Found a glowing mace.
You see here 13 gold pieces.
The gnoll hits you with a spear.
You hit the gnoll. You punch the gnoll. You bite the gnoll, but do no damage.
The gnoll is heavily wounded.
The gnoll barely misses you.
You hit the gnoll.
The gnoll is almost dead.
The gnoll hits you with a spear!
Ouch! That really hurt!
You die...

##.###.......##.
#...#...........
..._......####.##
..#...#....#
$.... .#
#.###.†.#......
#...#..#.#...g..
........gg..._g.
#..####g#......
#..####@#......
........$# .....
.........# ##.##
#..####.. ... #.
.... ## .....
....... ....$.##
....)..#


You could see 3 gnolls.

Vanquished Creatures
  A leopard gecko (D:1)
  A giant cockroach (D:1)
  A hobgoblin (D:2)
  2 bats
  A kobold (D:1)
6 creatures vanquished.

Notes
Turn   | Place    | Note
-------+----------+-------------------------------------------
     0 | D:1      | iamserjio the Vine Stalker Skald began the quest for the Orb.
     0 | D:1      | Reached XP level 1. HP: 11/11 MP: 4/4
    58 | D:2      | Found a radiant altar of Vehumet.
    72 | D:2      | Found an ancient bone altar of Kikubaaqudgha.
    76 | D:2      | Reached XP level 2. HP: 15/15 MP: 1/6
    82 | D:2      | Slain by a gnoll

Vault maps used:
D:1:      minmay_arrival_stone_box
D:2:      vehumet_crystals, okawaru_metal_pillars_3, old_standard_altar,
          first_ration, minmay_liquid_box, grunt_dithmenos_smoke

Skill      XL: |  1 |
---------------+----+-----
Fighting       | 2 |  2.0
Armour         | |  0.7
Dodging        | |  1.5
Unarmed Combat | |  2.5
Spellcasting   | |  2.1
Charms         | |  3.0

Action                   || total
-------------------------++-------
Melee: Unarmed           ||    18
       Bite              ||     5
       Punch             ||     1
 Cast: Infusion          ||     2
Armor: Leather armour    ||     8
Dodge: Dodged            ||    14

Table legend:
 A = Spawn XP
 B = Non-spawn XP
 C = Spawn XP percentage of total XP
 D = Spawn monster count
 E = Non-spawn monster count
 F = Spawn count percentage of total count
 G = Total turns spent on level
                    A         B        C        D         E        F      G
               +---------+---------+-------+---------+---------+-------+---------
         Total |       0 |      11 |   0.0 |       0 |       6 |   0.0 |    82
               +---------+---------+-------+---------+---------+-------+---------
           D:1 |       0 |       7 |   0.0 |       0 |       4 |   0.0 |    55
           D:2 |       0 |       4 |   0.0 |       0 |       2 |   0.0 |    27
               +---------+---------+-------+---------+---------+-------+---------
